 Dungeon Crawl Stone Soup version 0.30-a0-166-g5d06c95188 (webtiles) character file.

Game seed: 18363632851298346803

21036 qw the Cleaver (level 12, -4/77 HPs)
             Began as a Gargoyle Fighter on Sept 28, 2022.
             Was a High Priest of Okawaru.
             Killed from afar by a rime drake (16 damage)
             ... with a flash freeze
             ... on level 4 of the Lair of Beasts.
             The game lasted 00:04:19 (12985 turns).

qw the Cleaver (Gargoyle Fighter)                  Turns: 12985, Time: 00:04:19

Health: -4/77      AC: 37    Str: 24    XL:     12   Next: 85%
Magic:  2/6        EV: 11    Int: 10    God:    Okawaru [*****.]
Gold:   532        SH:  7    Dex: 15    Spells: 11/11 levels left

rFire   + + .      SeeInvis +    Y - +3 broad axe (antimagic)
rCold   x . .      Faith    .    c - +0 buckler
rNeg    + . .      Spirit   .    o - +3 plate armour
rPois   inf        Reflect  .    (no helmet)
rElec   +          Harm     .    (no cloak)
rCorr   .          Rampage  .    u - +4 pair of gloves of the Lonely People {rF+}
Will    .....                    i - +2 pair of boots
Stlth   ..........               e - amulet of regeneration
HPRegen 1.02/turn                t - +6 ring of dexterity
MPRegen 0.10/turn                s - ring of see invisible

@: heroic, finesse-ful, unable to drink
A: sickness immunity, AC +8, negative energy resistance 1, electricity
resistance, torment resistance 1, petrification resistance, fire resistance 1,
cold vulnerability 1, inability to drink after injury 1
a: Renounce Religion, Heroism, Finesse, Duel


You were on level 4 of the Lair of Beasts.
You worshipped Okawaru.
Okawaru was extremely pleased with you.
You visited 3 branches of the dungeon, and saw 13 of its levels.

You collected 652 gold pieces.
You spent 120 gold pieces at shops.


Innate Abilities, Weirdness & Mutations

You are immune to sickness and miasma.
Your stone body is resilient. (AC +8)
You are immune to poison.
You resist negative energy. (rN+)
You are resistant to electric shocks. (rElec)
You are resistant to unholy torment.
You are immune to petrification.
Your flesh is heat resistant. (rF+)
You are vulnerable to cold. (rC-)
You occasionally lose the ability to drink potions when taking damage.


   Skills:
 - Level 10.1(15.1) Fighting
 + Level 12.7(17.7) Axes
 - Level 1.5(6.5) Throwing
 - Level 9.0(14.0) Armour
 - Level 3.4(8.4) Dodging
 - Level 6.0(11.0) Shields
 - Level 10.0 Invocations


You had 11 spell levels left.
You didn't know any spells.
Your spell library was empty.

Inventory:

Hand Weapons
 p - a +0 morningstar
 Y - a +3 antimagic broad axe (weapon)
Missiles
 b - a boomerang (quivered)
Armour
 c - a +0 buckler (worn)
 i - a +2 pair of boots (worn)
 o - a +3 plate armour (worn)
 u - the +4 pair of gloves of the Lonely People (worn) {rF+}
   (You acquired it on level 3 of the Lair of Beasts)

   rF:        It protects you from fire.
Jewellery
 e - an amulet of regeneration (around neck)
 j - a ring of fire
 m - a ring of fire
 q - a ring of willpower
 s - a ring of see invisible (right hand)
 t - a +6 ring of dexterity (left hand)
 w - the amulet of the Final Bounties {Spirit rF+ Int+7 Stlth+}
   (You acquired it on level 3 of the Lair of Beasts)

   [amulet of guardian spirit]

   It causes incoming damage to be divided between your reserves of health and
   magic.
   Int:       It affects your intelligence (+7).
   rF:        It protects you from fire.
   Stlth:     It makes you more stealthy.
Scrolls
 f - 4 scrolls of identify
 x - a scroll of vulnerability {unknown}
Potions
 a - a potion of resistance
 d - 2 potions of might
 h - a potion of attraction
 l - 3 potions of haste
 n - 3 potions of curing
 r - a potion of lignification
 v - a potion of magic
 z - a potion of cancellation

Dungeon Overview and Level Annotations

Branches:
Dungeon (8/15)             Temple (1/1) D:4            Lair (4/5) D:8
  Swamp (0/4) Lair:2       Spider (0/4) Lair:2
  Slime: Lair:4-5

Altars:
Ashenzari
Cheibriados
Dithmenos
Elyvilon
Fedhas
Gozag
Hepliaklqana
Kikubaaqudgha
Makhleb
Nemelex Xobeh
Okawaru
Qazlal
Ru
Sif Muna
Trog
Uskayaw
Vehumet
Wu Jian
Xom
Yredelemnul
Zin
The Shining One

Shops:
D:5 *=

Annotations:
D:3 1 runed translucent door, Crazy Yiuf
D:7 3 runed translucent doors, qw's ghost, novice GrFi


Message History

You hit the death yak.
The death yak is almost dead.
You slash the death yak! The death yak gores you!
The death yak gores you but does no damage.
You barely miss the death yak.
The death yak is almost dead.
You hit the death yak but do no damage. You hit the death yak.
The death yak is almost dead.
You slash the death yak! The death yak gores you.
The death yak closely misses you.
You barely miss the death yak.
The death yak is almost dead.
You hit the death yak but do no damage. You barely miss the death yak.
The death yak is almost dead.
You hit the death yak but do no damage. You hit the death yak but do no damage.
The death yak is almost dead.
You hit the death yak.
The death yak gores you but does no damage.
The death yak gores you.
You slice the death yak!!
You kill the death yak!
Okawaru is honoured by your kill.
You slash the death yak! You hit the death yak but do no damage.
The death yak is almost dead.
The death yak gores you but does no damage.
You slash the death yak!
You kill the death yak!
Okawaru is honoured by your kill.
You start resting.
A rime drake is nearby!
You closely miss the rime drake. The rime drake breathes ice at you.
The flash freeze hits you!
You feel a painful chill!
You feel threatened and lose the ability to drink potions!
You die...

...............
.........P#......
.................
...............#.
................#
................#
................#
.....#..k%.?.#
....P...#@...#
.......##......#
....... #........
......Y


PP....... ..P.<.......k. ^...$.... #............Y#.........
...............>........ .............Y.......... ....... You could see a rime
drake (catching breath).

Vanquished Creatures
  Gastronok (Lair:1)
  2 hydras
  A boulder beetle (Lair:1)
  3 death yaks (Lair:4)
  11 elephants (Lair:3)
  2 black mambas
  A torpor snail (Lair:3)
  An unseen horror zombie (D:8)
  4 cane toads
  2 kobold demonologists (D:7)
  A demonic crawler (Lair:2)
  5 rime drakes
  2 komodo dragons
  Grinder (D:5)
  4 dream sheep (Lair:3)
  A wyvern (Lair:4)
  2 basilisks
  A steam dragon (D:8)
  11 yaks
  An acid dragon (D:8)
  10 water moccasins
  4 orc warriors
  2 sky beasts
  An ice beast (D:5)
  3 black bears
  An ogre (D:7)
  3 wolves (Lair:4)
  2 centaurs
  Blork the orc (D:6)
  A kobold brigand (D:7)
  A gnoll sergeant (D:5)
  9 bullfrogs
  A wyvern zombie (D:8)
  7 scorpions
  2 wights (D:8)
  A centaur zombie (D:8)
  4 jellies
  A human zombie (D:8)
  7 orc priests
  3 iguanas (D:4)
  Jessica (D:3)
  5 orc wizards
  3 killer bee zombies (D:8)
  2 mummies (D:8)
  A howler monkey zombie (D:8)
  13 gnolls
  6 adders
  2 white imps (D:6)
  2 adder skeletons (D:2)
  2 worms
  5 dart slugs
  26 orcs
  7 ball pythons
  6 bats
  A bat zombie (D:2)
  6 endoplasms
  A giant cockroach (Lair:2)
  9 goblins
  6 hobgoblins
  2 jackals (D:1)
  6 kobolds
  3 quokkas
  A ball python skeleton (D:2)
  3 frilled lizards
  A giant cockroach zombie (D:2)
  A jackal skeleton (D:2)
  2 rats
244 creatures vanquished.

Vanquished Creatures (others)
  An orc wizard (D:5)
  22 fungi
  24 plants
  7 withered plants (D:2)
54 creatures vanquished.

Grand Total: 298 creatures vanquished

Notes
Turn   | Place    | Note
-------+----------+-------------------------------------------
     0 | D:1      | qw the Gargoyle Fighter began the quest for the Orb.
     0 | D:1      | Reached XP level 1. HP: 14/14 MP: 1/1
     0 | D:1      | 0 ||| qw: Version: 0.2-a-12-gaebbb33
     0 | D:1      | 0 ||| qw: Game counter: 996
     0 | D:1      | 0 ||| qw: Always use a shield: true
     0 | D:1      | 0 ||| qw: God list: Okawaru
     0 | D:1      | 0 ||| qw: Allow faded altars: false
     0 | D:1      | 0 ||| qw: Do Orc after D:15 true
     0 | D:1      | 0 ||| qw: Do second Lair branch before Depths: true
     0 | D:1      | 0 ||| qw: Lair rune preference: random
     0 | D:1      | 0 ||| qw: Plans: Normal, Zot:1-4, God:TSO, Crypt, Tomb,
                  | Pan, Slime:5, Hells, Abyss, Orb
     0 | D:1      | 0 ||| PLANNING D:1-11
   374 | D:1      | Reached skill level 2 in Axes
   374 | D:1      | 374 ||| Stepping ~*~*~tactically~*~*~ (stealth).
   403 | D:1      | Reached XP level 2. HP: 16/19 MP: 2/2
   804 | D:1      | 804 ||| Stepping ~*~*~tactically~*~*~ (stealth).
   812 | D:1      | 812 ||| Stepping ~*~*~tactically~*~*~ (stealth).
  1101 | D:1      | 1101 ||| READING 2 scrolls labelled AVVOCU SEELE.
  1102 | D:1      | 1102 ||| READING scroll labelled XIR MEFE BIU.
  1106 | D:1      | 1106 ||| READING scroll labelled KESUNTA RU MIO.
  1107 | D:1      | 1107 ||| READING 2 scrolls labelled KECHEB VEHI CAH.
  1108 | D:1      | 1108 ||| READING scroll of enchant weapon.
  1108 | D:1      | 1108 ||| ENCHANTING +1 war axe.
  1109 | D:1      | 1109 ||| READING scroll labelled QUAWNA ZAELYM.
  1116 | D:2      | Found a faded altar of an unknown god.
  1157 | D:2      | Reached skill level 3 in Axes
  1157 | D:2      | Reached XP level 3. HP: 21/23 MP: 3/3
  1167 | D:2      | 1167 ||| FLEEEEING.
  1168 | D:2      | 1168 ||| FLEEEEING.
  1169 | D:2      | 1169 ||| FLEEEEING.
  1170 | D:2      | 1170 ||| FLEEEEING.
  1171 | D:2      | 1171 ||| FLEEEEING.
  1172 | D:2      | 1172 ||| FLEEEEING.
  1174 | D:2      | 1174 ||| FLEEEEING.
  1175 | D:2      | 1175 ||| FLEEEEING.
  1176 | D:2      | 1176 ||| FLEEEEING.
  1177 | D:2      | 1177 ||| FLEEEEING.
  1178 | D:2      | 1178 ||| FLEEEEING.
  1180 | D:2      | 1180 ||| STAIRDANCE
  1281 | D:2      | Reached XP level 4. HP: 28/28 MP: 4/4
  1334 | D:2      | 1334 ||| DROPPING +0 club.
  1357 | D:2      | 1357 ||| Stepping ~*~*~tactically~*~*~ (stealth).
  1368 | D:2      | Reached skill level 4 in Axes
  1381 | D:2      | 1381 ||| Stepping ~*~*~tactically~*~*~ (stealth).
  1383 | D:2      | Identified the +2 robe of the Elephant {Rampage MP+9}
  1384 | D:2      | 1384 ||| Stepping ~*~*~tactically~*~*~ (stealth).
  1386 | D:2      | 1386 ||| Stepping ~*~*~tactically~*~*~ (hiding).
  1536 | D:2      | 1536 ||| Stepping ~*~*~tactically~*~*~ (stealth).
  1572 | D:2      | 1572 ||| Stepping ~*~*~tactically~*~*~ (stealth).
  1573 | D:2      | 1573 ||| Stepping ~*~*~tactically~*~*~ (stealth).
  1574 | D:2      | 1574 ||| Stepping ~*~*~tactically~*~*~ (stealth).
  1575 | D:2      | 1575 ||| Stepping ~*~*~tactically~*~*~ (stealth).
  1577 | D:2      | 1577 ||| Stepping ~*~*~tactically~*~*~ (hiding).
  1783 | D:2      | 1783 ||| Stepping ~*~*~tactically~*~*~ (stealth).
  1879 | D:2      | 1879 ||| Stepping ~*~*~tactically~*~*~ (stealth).
  1991 | D:2      | 1991 ||| UPGRADING to +0 pair of boots.
  1996 | D:2      | 1996 ||| READING scroll of enchant armour.
  1996 | D:2      | 1996 ||| ENCHANTING +0 pair of boots.
  1997 | D:2      | 1997 ||| READING scroll labelled ULOH YLEIZU.
  1998 | D:2      | 1998 ||| DRINKING 2 fizzy yellow potions.
  1999 | D:2      | 1999 ||| DROPPING potion of magic.
  2077 | D:3      | Reached XP level 5. HP: 25/32 MP: 5/5
  2275 | D:3      | 2275 ||| READING scroll of enchant armour.
  2275 | D:3      | 2275 ||| ENCHANTING +1 pair of boots.
  2352 | D:3      | 2352 ||| DROPPING +0 whip.
  2543 | D:3      | Reached skill level 5 in Axes
  2617 | D:3      | Noticed Jessica
  2619 | D:3      | Found an ornate altar of the Wu Jian Council.
  2623 | D:3      | Killed Jessica
  2721 | D:3      | Found a runed translucent door.
  2722 | D:3      | Noticed Crazy Yiuf
  2900 | D:3      | 2900 ||| UPGRADING to +0 chain mail.
  2910 | D:3      | 2910 ||| DROPPING +0 scale mail.
  2911 | D:3      | 2911 ||| READING scroll labelled WATIWN JOPT.
  2912 | D:3      | 2912 ||| READING 2 scrolls of identify.
  2912 | D:3      | 2912 ||| IDENTIFYING golden potion
  3112 | D:4      | Found a staircase to the Ecumenical Temple.
  3113 | D:4      | 3113 ||| PLANNING TEMPLE
  3121 | Temple   | Entered the Ecumenical Temple
  3176 | Temple   | 3176 ||| PLANNING D:1-11
  3227 | D:4      | 3227 ||| Stepping ~*~*~tactically~*~*~ (stealth).
  3229 | D:4      | 3229 ||| Stepping ~*~*~tactically~*~*~ (stealth).
  3236 | D:4      | Reached XP level 6. HP: 38/38 MP: 6/6
  3304 | D:4      | Found a glowing silver altar of Zin.
  3304 | D:4      | Found an iron altar of Okawaru.
  3305 | D:4      | 3305 ||| PLANNING OKAWARU WORSHIP
  3308 | D:4      | 3308 ||| FLEEEEING.
  3309 | D:4      | 3309 ||| FLEEEEING.
  3310 | D:4      | 3310 ||| FLEEEEING.
  3311 | D:4      | 3311 ||| FLEEEEING.
  3312 | D:4      | 3312 ||| FLEEEEING.
  3313 | D:4      | 3313 ||| FLEEEEING.
  3317 | D:4      | 3317 ||| FLEEEEING.
  3321 | D:4      | 3321 ||| FLEEEEING.
  3322 | D:4      | 3322 ||| FLEEEEING.
  3330 | D:4      | 3330 ||| FLEEEEING.
  3331 | D:4      | 3331 ||| FLEEEEING.
  3342 | D:4      | 3342 ||| FLEEEEING.
  3343 | D:4      | 3343 ||| FLEEEEING.
  3344 | D:4      | 3344 ||| FLEEEEING.
  3345 | D:4      | 3345 ||| FLEEEEING.
  3346 | D:4      | 3346 ||| FLEEEEING.
  3347 | D:4      | 3347 ||| FLEEEEING.
  3348 | D:4      | 3348 ||| FLEEEEING.
  3352 | D:4      | 3352 ||| FLEEEEING.
  3353 | D:4      | 3353 ||| FLEEEEING.
  3354 | D:4      | 3354 ||| FLEEEEING.
  3355 | D:4      | 3355 ||| FLEEEEING.
  3356 | D:4      | 3356 ||| STAIRDANCE
  3506 | D:4      | 3506 ||| STAIRDANCE
  3722 | D:4      | Became a worshipper of Warmaster Okawaru
  3723 | D:4      | 3723 ||| PLANNING D:1-11
  3763 | D:4      | 3763 ||| Stepping ~*~*~tactically~*~*~ (hiding).
  4050 | D:4      | 4050 ||| Stepping ~*~*~tactically~*~*~ (stealth).
  4054 | D:4      | 4054 ||| Stepping ~*~*~tactically~*~*~ (stealth).
  4057 | D:4      | 4057 ||| Stepping ~*~*~tactically~*~*~ (stealth).
  4207 | D:4      | Found a shimmering blue altar of Sif Muna.
  4325 | D:4      | 4325 ||| Stepping ~*~*~tactically~*~*~ (stealth).
  4484 | D:4      | 4484 ||| READING scroll labelled YNLUASHEELU.
  4485 | D:4      | 4485 ||| READING scroll labelled GYENLU UDEUFFI.
  4486 | D:4      | 4486 ||| DRINKING 2 silvery potions.
  4487 | D:4      | 4487 ||| DRINKING 2 glowing blue potions.
  4607 | D:4      | 4607 ||| DRINKING 2 fizzy sapphire potions.
  4607 | D:4      | Gained mutation: You occasionally shout uncontrollably at
                  | your foes. [potion of mutation]
  4607 | D:4      | Gained mutation: You are frail. (-10% HP) [potion of
                  | mutation]
  4608 | D:4      | 4608 ||| DRINKING potion of mutation.
  4608 | D:4      | Lost mutation: You are frail. (-10% HP) [potion of
                  | mutation]
  4608 | D:4      | Lost mutation: You occasionally shout uncontrollably at
                  | your foes. [potion of mutation]
  4608 | D:4      | Gained mutation: You are vulnerable to cold. (rC-) [potion
                  | of mutation]
  4608 | D:4      | Gained mutation: Your flesh is heat resistant. (rF+)
                  | [potion of mutation]
  4608 | D:4      | Gained mutation: You occasionally lose the ability to drink
                  | potions when taking damage. [potion of mutation]
  4608 | D:4      | Gained mutation: You have a somewhat thin skeletal
                  | structure. (Dex +2, Stealth+) [potion of mutation]
  4637 | D:4      | 4637 ||| DROPPING potion of brilliance.
  4638 | D:4      | 4638 ||| DROPPING potion of degeneration.
  4697 | D:5      | Entered Level 5 of the Dungeon
  4732 | D:5      | Reached skill level 6 in Axes
  4777 | D:5      | 4777 ||| FLEEEEING.
  4813 | D:5      | 4813 ||| Stepping ~*~*~tactically~*~*~ (stealth).
  4821 | D:5      | 4821 ||| Stepping ~*~*~tactically~*~*~ (stealth).
  4823 | D:5      | 4823 ||| Stepping ~*~*~tactically~*~*~ (stealth).
  4824 | D:5      | 4824 ||| Stepping ~*~*~tactically~*~*~ (hiding).
  4826 | D:5      | 4826 ||| Stepping ~*~*~tactically~*~*~ (hiding).
  4828 | D:5      | 4828 ||| Stepping ~*~*~tactically~*~*~ (hiding).
  4840 | D:5      | HP: 8/38 [gnoll sergeant/+1 trident of holy wrath (7)]
  4841 | D:5      | 4841 ||| READING 2 scrolls of teleportation.
  5188 | D:5      | Reached XP level 7. HP: 31/43 MP: 7/7
  5452 | D:5      | Reached skill level 1 in Dodging
  5688 | D:5      | 5688 ||| FLEEEEING.
  5689 | D:5      | 5689 ||| FLEEEEING.
  5690 | D:5      | 5690 ||| FLEEEEING.
  5691 | D:5      | 5691 ||| FLEEEEING.
  5692 | D:5      | 5692 ||| FLEEEEING.
  5693 | D:5      | 5693 ||| FLEEEEING.
  5837 | D:5      | Noticed Grinder
  5841 | D:5      | Paralysed by Grinder for 4 turns
  5850 | D:5      | Killed Grinder
  5850 | D:5      | Reached * piety under Okawaru
  5851 | D:5      | Reached skill level 7 in Axes
  5851 | D:5      | Reached XP level 8. HP: 39/48 MP: 8/8
  5940 | D:5      | 5940 ||| Stepping ~*~*~tactically~*~*~ (hiding).
  5946 | D:5      | 5946 ||| INVOKING Heroism.
  5954 | D:5      | Reached skill level 1 in Invocations
  6207 | D:5      | Found Gionir's Assorted Antiques.
  6210 | D:5      | Found Ticweula's Jewellery Boutique.
  6233 | D:5      | 6233 ||| SHOPLISTING +4 ring of slaying (1092 gold, have
                  | 295).
  6233 | D:5      | 6233 ||| SHOPLISTING +6 ring of dexterity (504 gold, have
                  | 295).
  6233 | D:5      | 6233 ||| SHOPLISTING amulet of regeneration (420 gold, have
                  | 295).
  6233 | D:5      | 6233 ||| SHOPLISTING amulet of the acrobat (420 gold, have
                  | 295).
  6233 | D:5      | 6233 ||| SHOPLISTING ring of ice (350 gold, have 295).
  6233 | D:5      | 6233 ||| SHOPLISTING ring of protection from fire (350
                  | gold, have 295).
  6237 | D:5      | 6237 ||| BUYING iron ring (120 gold).
  6237 | D:5      | Bought an iron ring for 120 gold pieces
  6237 | D:5      | 6237 ||| SHOPLISTING pair of glowing boots (180 gold, have
                  | 175).
  6237 | D:5      | 6237 ||| SHOPLISTING potion of magic (192 gold, have 175).
  6269 | D:5      | Found a snail-covered altar of Cheibriados.
  6450 | D:5      | 6450 ||| DROPPING +2 pair of boots.
  6451 | D:5      | 6451 ||| UPGRADING to ring of willpower.
  6452 | D:5      | 6452 ||| READING 5 scrolls of identify.
  6452 | D:5      | 6452 ||| IDENTIFYING inky potion
  6453 | D:5      | 6453 ||| READING 4 scrolls of identify.
  6453 | D:5      | 6453 ||| IDENTIFYING viscous amethyst potion
  6472 | D:6      | Noticed Blork the orc
  6473 | D:6      | 6473 ||| INVOKING Heroism.
  6477 | D:6      | Killed Blork the orc
  6534 | D:6      | 6534 ||| READING scroll of enchant weapon.
  6534 | D:6      | 6534 ||| ENCHANTING +2 vorpal war axe.
  6565 | D:6      | 6565 ||| Stepping ~*~*~tactically~*~*~ (stealth).
  6568 | D:6      | 6568 ||| INVOKING Heroism.
  6756 | D:6      | Reached skill level 1 in Throwing
  6756 | D:6      | Reached skill level 3 in Invocations
  6770 | D:6      | 6770 ||| Stepping ~*~*~tactically~*~*~ (hiding).
  6771 | D:6      | 6771 ||| Stepping ~*~*~tactically~*~*~ (hiding).
  6773 | D:6      | 6773 ||| Stepping ~*~*~tactically~*~*~ (hiding).
  6774 | D:6      | 6774 ||| Stepping ~*~*~tactically~*~*~ (hiding).
  6775 | D:6      | 6775 ||| Stepping ~*~*~tactically~*~*~ (hiding).
  6776 | D:6      | 6776 ||| Stepping ~*~*~tactically~*~*~ (hiding).
  6780 | D:6      | 6780 ||| Stepping ~*~*~tactically~*~*~ (hiding).
  6826 | D:6      | Found a shadowy altar of Dithmenos.
  6955 | D:6      | 6955 ||| INVOKING Heroism.
  6965 | D:6      | Reached skill level 8 in Axes
  7046 | D:6      | Found an opulent altar of Gozag.
  7067 | D:6      | 7067 ||| Stepping ~*~*~tactically~*~*~ (hiding).
  7072 | D:6      | 7072 ||| INVOKING Heroism.
  7083 | D:6      | Reached ** piety under Okawaru
  7084 | D:6      | Reached skill level 6 in Fighting
  7087 | D:6      | Reached XP level 9. HP: 37/55 MP: 10/12
  7188 | D:6      | 7188 ||| DROPPING +0 flail.
  7237 | D:6      | 7237 ||| Stepping ~*~*~tactically~*~*~ (stealth).
  7239 | D:6      | 7239 ||| Stepping ~*~*~tactically~*~*~ (hiding).
  7242 | D:6      | 7242 ||| Stepping ~*~*~tactically~*~*~ (hiding).
  7246 | D:6      | 7246 ||| INVOKING Heroism.
  7545 | D:6      | 7545 ||| UPGRADING to +0 plate armour.
  7555 | D:6      | 7555 ||| DROPPING +0 chain mail.
  7556 | D:6      | 7556 ||| READING scroll of enchant armour.
  7556 | D:6      | 7556 ||| ENCHANTING +0 plate armour.
  7557 | D:6      | 7557 ||| READING scroll labelled HUSOCUC VUMA.
  7558 | D:6      | 7558 ||| READING 2 scrolls labelled UTWOXA GAAXO.
  7659 | D:6      | 7659 ||| DRINKING 2 smoky coppery potions.
  7700 | D:6      | 7700 ||| DROPPING scroll of silence.
  7716 | D:7      | 7716 ||| INVOKING Heroism.
  7837 | D:7      | Found an ancient bone altar of Kikubaaqudgha.
  7863 | D:7      | 7863 ||| INVOKING Heroism.
  8000 | D:7      | Found a runed translucent gate.
  8001 | D:7      | Found a runed translucent gate.
  8002 | D:7      | Found a runed translucent gate.
  8002 | D:7      | Noticed qw's ghost (novice GrFi)
  8162 | D:7      | Noticed a kobold demonologist
  8166 | D:7      | 8166 ||| INVOKING Heroism.
  8167 | D:7      | Noticed a kobold demonologist
  8170 | D:7      | Killed a kobold demonologist
  8178 | D:7      | Killed a kobold demonologist
  8179 | D:7      | Reached skill level 9 in Axes
  8274 | D:7      | 8274 ||| INVOKING Heroism.
  8293 | D:7      | Found a sparkling altar of Nemelex Xobeh.
  8304 | D:7      | Found a sacrificial altar of Ru.
  8506 | D:7      | 8506 ||| UPGRADING to ring of willpower.
  8507 | D:7      | 8507 ||| READING scroll labelled MANO WAKOAMMYOCS.
  8616 | D:8      | 8616 ||| Stepping ~*~*~tactically~*~*~ (hiding).
  8620 | D:8      | 8620 ||| INVOKING Heroism.
  8627 | D:8      | 8627 ||| Stepping ~*~*~tactically~*~*~ (stealth).
  8652 | D:8      | 8652 ||| DROPPING +2 flail of draining.
  8723 | D:8      | 8723 ||| Stepping ~*~*~tactically~*~*~ (stealth).
  8733 | D:8      | 8733 ||| INVOKING Heroism.
  8734 | D:8      | 8734 ||| Stepping ~*~*~tactically~*~*~ (stealth).
  8748 | D:8      | 8748 ||| Stepping ~*~*~tactically~*~*~ (stealth).
  8749 | D:8      | 8749 ||| Stepping ~*~*~tactically~*~*~ (stealth).
  8809 | D:8      | 8809 ||| READING 3 scrolls of enchant weapon.
  8809 | D:8      | 8809 ||| ENCHANTING +3 vorpal war axe.
  8810 | D:8      | 8810 ||| READING 2 scrolls of enchant weapon.
  8810 | D:8      | 8810 ||| ENCHANTING +4 vorpal war axe.
  8811 | D:8      | 8811 ||| READING scroll of enchant weapon.
  8811 | D:8      | 8811 ||| ENCHANTING +5 vorpal war axe.
  8841 | D:8      | 8841 ||| INVOKING Heroism.
  8880 | D:8      | Reached skill level 6 in Armour
  8903 | D:8      | Reached *** piety under Okawaru
  8904 | D:8      | Reached XP level 10. HP: 63/63 MP: 13/13
  8954 | D:8      | 8954 ||| INVOKING Heroism.
  8995 | D:8      | Found a staircase to the Lair.
  8996 | D:8      | 8996 ||| INVOKING Heroism.
  9000 | D:8      | Reached skill level 10 in Axes
  9163 | D:8      | 9163 ||| READING scroll of enchant armour.
  9163 | D:8      | 9163 ||| ENCHANTING +1 plate armour.
  9188 | D:8      | 9188 ||| INVOKING Heroism.
  9404 | D:8      | Found a basalt altar of Yredelemnul.
  9777 | D:8      | 9777 ||| PLANNING LAIR
  9777 | D:8      | 9777 ||| UPGRADING to ring of see invisible.
  9779 | D:8      | 9779 ||| DROPPING ring of willpower.
  9780 | D:8      | 9780 ||| UPGRADING to +6 ring of dexterity.
  9782 | D:8      | 9782 ||| DROPPING ring of wizardry.
  9783 | D:8      | 9783 ||| READING scroll labelled GITEZE UMUTT.
  9784 | D:8      | 9784 ||| READING 4 scrolls of identify.
  9784 | D:8      | 9784 ||| IDENTIFYING red potion
  9872 | Lair:1   | Entered Level 1 of the Lair of Beasts
  9872 | Lair:1   | Noticed a boulder beetle
  9872 | Lair:1   | Found a hide-covered altar of Uskayaw.
  9872 | Lair:1   | Found an ornate altar of the Wu Jian Council.
  9873 | Lair:1   | 9873 ||| INVOKING Heroism.
  9892 | Lair:1   | Killed a boulder beetle
  9892 | Lair:1   | Reached **** piety under Okawaru
  9893 | Lair:1   | Reached skill level 3 in Dodging
 10236 | Lair:1   | Noticed a six-headed hydra
 10237 | Lair:1   | 10237 ||| INVOKING Heroism.
 10240 | Lair:1   | 10240 ||| SWAPPING to +0 morningstar.
 10247 | Lair:1   | Killed a six-headed hydra
 10248 | Lair:1   | 10248 ||| SWAPPING to +6 vorpal war axe.
 10361 | Lair:1   | 10361 ||| Stepping ~*~*~tactically~*~*~ (hiding).
 10376 | Lair:1   | Reached XP level 11. HP: 57/68 MP: 15/15
 10493 | Lair:1   | Noticed Gastronok
 10494 | Lair:1   | 10494 ||| INVOKING Heroism.
 10508 | Lair:1   | Killed Gastronok
 10508 | Lair:1   | Reached ***** piety under Okawaru
 10509 | Lair:1   | Reached skill level 11 in Axes
 10509 | Lair:1   | Reached skill level 6 in Invocations
 11056 | Lair:1   | 11056 ||| UPGRADING to amulet of regeneration.
 11147 | Lair:2   | 11147 ||| INVOKING Heroism.
 11182 | Lair:2   | Received a gift from Okawaru
 11184 | Lair:2   | 11184 ||| SWAPPING to +3 antimagic broad axe.
 11185 | Lair:2   | 11185 ||| DROPPING +6 vorpal war axe.
 11203 | Lair:2   | 11203 ||| DRINKING potion of mutation.
 11203 | Lair:2   | Lost mutation: You have a somewhat thin skeletal structure.
                  | (Dex +2, Stealth+) [potion of mutation]
 11203 | Lair:2   | Lost mutation: You occasionally lose the ability to drink
                  | potions when taking damage. [potion of mutation]
 11203 | Lair:2   | Gained mutation: You occasionally lose the ability to drink
                  | potions when taking damage. [potion of mutation]
 11243 | Lair:2   | 11243 ||| INVOKING Heroism.
 11284 | Lair:2   | Found a staircase to the Swamp.
 11289 | Lair:2   | 11289 ||| READING scroll of enchant armour.
 11289 | Lair:2   | 11289 ||| ENCHANTING +2 plate armour.
 11469 | Lair:2   | 11469 ||| INVOKING Heroism.
 11512 | Lair:2   | Found a hole to the Spider Nest.
 11806 | Lair:3   | 11806 ||| Stepping ~*~*~tactically~*~*~ (stealth).
 11808 | Lair:3   | 11808 ||| Stepping ~*~*~tactically~*~*~ (stealth).
 11809 | Lair:3   | 11809 ||| INVOKING Heroism.
 11826 | Lair:3   | Reached skill level 9 in Fighting
 11834 | Lair:3   | Reached skill level 9 in Invocations
 11836 | Lair:3   | 11836 ||| INVOKING Heroism.
 11870 | Lair:3   | 11870 ||| Stepping ~*~*~tactically~*~*~ (stealth).
 11878 | Lair:3   | 11878 ||| Stepping ~*~*~tactically~*~*~ (stealth).
 11960 | Lair:3   | 11960 ||| Stepping ~*~*~tactically~*~*~ (stealth).
 11961 | Lair:3   | 11961 ||| Stepping ~*~*~tactically~*~*~ (stealth).
 11962 | Lair:3   | 11962 ||| Stepping ~*~*~tactically~*~*~ (stealth).
 11964 | Lair:3   | 11964 ||| Stepping ~*~*~tactically~*~*~ (stealth).
 11967 | Lair:3   | Identified the +2 pair of boots of Philately {Int+4}
                  | (Okawaru gifted it to you on level 3 of the Lair of Beasts)
 11967 | Lair:3   | Received a gift from Okawaru
 11968 | Lair:3   | Reached XP level 12. HP: 73/76 MP: 6/19
 12005 | Lair:3   | 12005 ||| Stepping ~*~*~tactically~*~*~ (stealth).
 12025 | Lair:3   | Reached skill level 12 in Axes
 12028 | Lair:3   | 12028 ||| INVOKING Heroism.
 12103 | Lair:3   | 12103 ||| INVOKING Heroism.
 12119 | Lair:3   | 12119 ||| INVOKING Heroism.
 12126 | Lair:3   | HP: 17/76 [elephant (13)]
 12127 | Lair:3   | 12127 ||| READING 2 scrolls of teleportation.
 12286 | Lair:3   | 12286 ||| INVOKING Heroism.
 12335 | Lair:3   | 12335 ||| Stepping ~*~*~tactically~*~*~ (hiding).
 12340 | Lair:3   | 12340 ||| Stepping ~*~*~tactically~*~*~ (hiding).
 12741 | Lair:3   | 12741 ||| DROPPING +2 pair of boots of Philately {Int+4}.
 12742 | Lair:3   | 12742 ||| READING scroll labelled BATEDDO LUMU.
 12758 | Lair:3   | 12758 ||| READING 2 scrolls labelled USTRADWU RISIL.
 12758 | Lair:3   | Identified 2 scrolls of acquirement
 12758 | Lair:3   | 12758 ||| ACQUIRING +4 pair of gloves of the Lonely People
                  | {rF+}
 12758 | Lair:3   | Acquired the +4 pair of gloves of the Lonely People {rF+}
 12760 | Lair:3   | 12760 ||| UPGRADING to +4 pair of gloves of the Lonely
                  | People {rF+}.
 12765 | Lair:3   | 12765 ||| READING scroll of acquirement.
 12765 | Lair:3   | 12765 ||| ACQUIRING amulet of the Final Bounties {Spirit
                  | rF+ Int+7 Stlth+}
 12765 | Lair:3   | Acquired the amulet of the Final Bounties {Spirit rF+ Int+7
                  | Stlth+}
 12767 | Lair:3   | 12767 ||| READING 5 scrolls of identify.
 12767 | Lair:3   | 12767 ||| IDENTIFYING sedimented coppery potion
 12786 | Lair:4   | 12786 ||| STAIRDANCE
 12795 | Lair:3   | Reached skill level 6 in Shields
 12805 | Lair:4   | Noticed a seven-headed hydra
 12806 | Lair:4   | 12806 ||| INVOKING Heroism.
 12810 | Lair:4   | 12810 ||| SWAPPING to +0 morningstar.
 12815 | Lair:4   | 12815 ||| INVOKING Finesse.
 12819 | Lair:4   | Killed a seven-headed hydra
 12820 | Lair:4   | Reached skill level 9 in Armour
 12820 | Lair:4   | 12820 ||| SWAPPING to +3 antimagic broad axe.
 12897 | Lair:4   | Noticed a death yak
 12898 | Lair:4   | 12898 ||| FLEEEEING.
 12898 | Lair:4   | Noticed a death yak
 12899 | Lair:4   | 12899 ||| INVOKING Heroism.
 12909 | Lair:4   | Noticed a death yak
 12911 | Lair:4   | HP: 17/76 [death yak (5)]
 12912 | Lair:4   | 12912 ||| READING scroll of teleportation.
 12915 | Lair:4   | HP: 6/76 [death yak (13)]
 12927 | Lair:4   | 12927 ||| Stepping ~*~*~tactically~*~*~ (stealth).
 12929 | Lair:4   | 12929 ||| Stepping ~*~*~tactically~*~*~ (stealth).
 12930 | Lair:4   | 12930 ||| DRINKING potion of heal wounds.
 12937 | Lair:4   | HP: 15/76 [black mamba (11)]
 12943 | Lair:4   | HP: 17/77 [yak (3)]
 12944 | Lair:4   | HP: 8/77 [yak (10)]
 12945 | Lair:4   | 12945 ||| INVOKING Finesse.
 12955 | Lair:4   | 12955 ||| Stepping ~*~*~tactically~*~*~ (hiding).
 12956 | Lair:4   | 12956 ||| Stepping ~*~*~tactically~*~*~ (hiding).
 12961 | Lair:4   | Killed a death yak
 12975 | Lair:4   | HP: 14/77 [death yak (9)]
 12980 | Lair:4   | HP: 9/77 [death yak (3)]
 12981 | Lair:4   | Killed a death yak
 12983 | Lair:4   | Killed a death yak
 12985 | Lair:4   | Killed from afar by a rime drake

Levels and vault maps discovered:
D:1:      nzn_arrival_crosshair, layout_loops_corners
D:2:      minmay_angry_zag, layout_rooms, serial_undead, serial_undead_b,
          serial_undead_c, serial_undead_b, serial_undead_e, serial_undead_e,
          serial_undead_e, serial_undead_d, nicolae_ecumenical_pavilion
D:3:      layout_loops_ring, nicolae_wu_jian_wuxing_cycle, grunt_ministairs_15,
          uniq_crazy_yiuf_cottage, uniq_jessica
D:4:      layout_gridville, lemuel_tele_altar,
          mainiacjoe_overflow_large_starburst, minmay_temple_entry_grid,
          serial_co_window_serial, co_window_paths_a, co_window_paths_a,
          co_window_of_opportunity_a, co_window_paths_a, co_window_paths_a,
          co_window_paths_a, co_window_corner_a, co_window_of_opportunity_c,
          co_window_unsneaky_path_a, co_window_2corner, co_window_paths_c,
          co_window_corner_ca, co_window_4corner_b, co_window_4corner_a
D:5:      layout_basic, kennysheep_slug_shrine, nicolae_wooded_promenade,
          uniq_grinder
D:6:      layout_gridville, old_standard_altar,
          mainiacjoe_overflow_tiny_flanked, serial_co_window_serial,
          co_window_paths_a, co_window_cross_1, co_window_of_opportunity_a,
          co_window_of_opportunity_a, co_window_paths_a, co_window_broadway_b,
          co_window_paths_c, co_window_corner_cb, co_window_corner_b,
          co_window_corner_b, co_window_4corner_a, palyth_stone_intersect,
          uniq_blork_the_orc
D:7:      layout_cave_pods, overflow_temple_1_default, lemuel_crystal_altar,
          nemelex_dance_club_becter, gammafunk_ghost_nasty_kobolds
D:8:      layout_loops_corners, lemuel_mausoleum_altar_yredelemnul,
          grunt_lair_entry_orc_guard_hut, minmay_fountain_box, corner_web_ring
Temple:   zaba_magenta_temple
Lair:1:   layout_gridlike, nzn_masters_of_martial_movement, uniq_gastronok
Lair:2:   layout_gridlike, swamp_mist_pool, nicolae_spider_entry_non_spiders,
          grunt_megastairs_2, infiniplex_staircase_pool
Lair:3:   layout_loops_ring, patterned_corridor, serial_bayou_shore_b
Lair:4:   minmay_guarded_unrand_snakebite, layout_cave_shapes

Skill      XL: |  1  2  3  4  5  6  7  8  9 10 11 12 |
---------------+-------------------------------------+-----
Axes           | 2 3 4 5 6 7 8 9 10 11 12 | 12.7
Fighting       | 4 6 7 8 9 10 | 10.1
Dodging        | 1 3 |  3.4
Invocations    | 4 5 9 10 | 10.0
Throwing       | 1 |  1.5
Armour         | 6 7 9 |  9.0
Shields        | 4 5 6 |  6.0

Action                   |  1- 3 |  4- 6 |  7- 9 | 10-12 || total
-------------------------+-------+-------+-------+-------++-------
Melee: War axe           |    83 |   141 |   174 |   144 ||   542
       Morningstar       |       |       |       |    12 ||    12
       Broad axe         |       |       |       |   227 ||   227
Throw: Boomerang         |       |    32 |    25 |    60 ||   117
Invok: Heroism           |       |       |    13 |    17 ||    30
       Finesse           |       |       |       |     2 ||     2
  Use: Scroll            |     6 |     8 |    10 |    10 ||    34
       Potion            |       |     5 |     1 |     2 ||     8
Armor: Scale mail        |    47 |    27 |       |       ||    74
       Chain mail        |       |    33 |    54 |       ||    87
       Plate armour      |       |       |    52 |   283 ||   335
Dodge: Dodged            |    34 |    32 |    45 |   153 ||   264
Block: Buckler           |    19 |    28 |    27 |   121 ||   195

Table legend:
 A = Non-vault XP
 B = Vault XP
 C = Vault XP percentage of total XP
 D = Non-vault monster count
 E = Vault monster count
 F = Vault count percentage of total count
                 A         B        C        D         E       F
            +---------+---------+-------+---------+---------+-------
      Total |   23588 |    6464 |  21.5 |     194 |      51 |  20.8
            +---------+---------+-------+---------+---------+-------
        D:1 |      26 |       0 |   0.0 |      14 |       0 |   0.0
        D:2 |      87 |      32 |  26.9 |      21 |      10 |  32.3
        D:3 |      38 |      87 |  69.6 |      11 |       5 |  31.2
        D:4 |     234 |       0 |   0.0 |      24 |       0 |   0.0
        D:5 |     661 |     276 |  29.5 |      15 |       2 |  11.8
        D:6 |     927 |     100 |   9.7 |      21 |       1 |   4.5
        D:7 |    1299 |     118 |   8.3 |      12 |       2 |  14.3
        D:8 |    1725 |    1289 |  42.8 |      21 |      16 |  43.2
     Lair:1 |    2481 |    2326 |  48.4 |      10 |       2 |  16.7
     Lair:2 |    1127 |    1333 |  54.2 |       3 |       9 |  75.0
     Lair:3 |    9549 |       0 |   0.0 |      28 |       0 |   0.0
     Lair:4 |    5434 |     903 |  14.2 |      14 |       4 |  22.2
            +---------+---------+-------+---------+---------+-------
